 Dungeon Crawl Stone Soup version 0.29.0-4-gdea44cf6ec (webtiles) character file.

Game seed: 12250705598254287057

113 qw the Chopper (level 4, -2/26 HPs)
             Began as a Tengu Warper on Aug 28, 2022.
             Killed from afar by Ijyb (8 damage)
             ... with an iceblast
             ... on level 3 of the Dungeon.
             The game lasted 00:00:13 (2240 turns).

qw the Chopper (Tengu Warper)                       Turns: 2240, Time: 00:00:13

Health: -2/26      AC:  8    Str: 14    XL:     4   Next: 96%
Magic:  8/8        EV:  9    Int: 13    God:
Gold:   191        SH:  0    Dex: 13    Spells: 7/7 levels left

rFire   . . .      SeeInvis .   Y - +0 hand axe
rCold   . . .      Faith    .   (no shield)
rNeg    . . .      Spirit   .   j - +0 scale mail
rPois   .          Reflect  .   a - +1 hat
rElec   .          Harm     .   k - +0 cloak
rCorr   +          Rampage  .   (no gloves)
Will    .....                   (boots unavailable)
Stlth   ..........              (no amulet)
HPRegen 0.08/turn               b - ring of resist corrosion
MPRegen 0.11/turn               (no ring)

@: no status effects
A: beak, talons 3
a: no special abilities


You were on level 3 of the Dungeon.
You visited 1 branch of the dungeon, and saw 3 of its levels.

You collected 191 gold pieces.


Innate Abilities, Weirdness & Mutations

You have a beak for a mouth.
You have claws for feet.


   Skills:
 - Level 2.0 Fighting
 + Level 5.4 Axes
 - Level 1.0 Throwing
 - Level 1.1 Armour
 - Level 2.1 Dodging
 - Level 2.0 Spellcasting
 - Level 2.4 Translocations


You had 7 spell levels left.
You didn't know any spells.
Your spell library contained the following spells:

 Spells                   Type           Power      Damage    Failure   Level
 Blink                    Tloc           14%        N/A       54%         2
 Gell's Gravitas          Tloc           7%         N/A       77%         3
 Lesser Beckoning         Tloc           7%         N/A       77%         3
 Teleport Other           Tloc           7%         N/A       77%         3
 Manifold Assault         Tloc           7%         N/A       100%        5

Inventory:

Hand Weapons
 d - a +0 whip
 Y - a +0 hand axe (weapon)
Armour
 a - a +1 hat (worn)
 j - a +0 scale mail (worn)
 k - a +0 cloak (worn)
Jewellery
 b - a ring of resist corrosion (left hand)
Scrolls
 c - 2 scrolls of identify
 f - a scroll of brand weapon {unknown}
Potions
 e - a potion of curing {unknown}

Dungeon Overview and Level Annotations

Branches:
Dungeon (3/15)

Altars:

Annotations:
D:3 Ijyb


Message History

You barely miss the orc. You peck the orc.
The orc is almost dead.
You hit something.
An orc wizard appears from thin air!
Reactivating autopickup.
The orc barely misses you. The orc wizard barely misses you.
You hit the orc but do no damage. You claw the orc, but do no damage.
The orc is almost dead.
You completely miss the orc wizard. The orc barely misses you.
The orc wizard casts a spell at you. You resist with some effort.
You hit the orc but do no damage.
The orc is almost dead.
You hit the orc wizard. The orc barely misses you.
The orc wizard closely misses you.
You hit the orc but do no damage. Your kick misses the orc.
Your peck misses the orc.
The orc is almost dead.
You hit the orc wizard. The orc hits you but does no damage.
The orc wizard hits you but does no damage.
You closely miss the orc wizard.
The orc wizard is almost dead.
You hit the orc but do no damage. The orc closely misses you.
The orc wizard hits you but does no damage.
You hit the orc wizard.
You kill the orc wizard!
You hit the orc but do no damage. The orc hits you but does no damage.
You hit the orc but do no damage. Your kick misses the orc.
The orc is almost dead.
The orc hits you but does no damage.
You hit the orc but do no damage. You claw the orc.
You kill the orc!
2240 ||| FLEEEEING.
Ijyb shouts!
Ijyb zaps a wand.
The mass of ice explodes!
The iceblast engulfs you!
You die...

...# #...#..# ..
##..###.#.#..# #.#..
..........#..# #.#.#
##......#.#..# #.#.#
#.#.>..#.#...
#...####.####.#.##.#
...#...........##.#
#...##.####.####.##
###.###.@.##.####........
..................#######
##g.###)).##.####.#
..........##.# #.#
##..####%.##.####.###
.....o)..............
....#####.#######.### #
#.# #.# ... ..#


You could see Ijyb.

Vanquished Creatures
  An orc wizard (D:3)
  Natasha (D:3)
  A gnoll (D:1)
  2 orcs (D:3)
  4 ball pythons
  6 bats
  4 endoplasms
  3 giant cockroaches
  6 goblins
  5 hobgoblins
  3 quokkas
  7 kobolds
  7 rats
50 creatures vanquished.

Vanquished Creatures (others)
  5 plants (D:3)
5 creatures vanquished.

Grand Total: 55 creatures vanquished

Notes
Turn   | Place    | Note
-------+----------+-------------------------------------------
     0 | D:1      | qw the Tengu Warper began the quest for the Orb.
     0 | D:1      | Reached XP level 1. HP: 12/12 MP: 4/4
     0 | D:1      | 0 ||| qw: Version: 0.1-a-89-g26bdef1
     0 | D:1      | 0 ||| qw: Game counter: 2176
     0 | D:1      | 0 ||| qw: Always use a shield: true
     0 | D:1      | 0 ||| qw: God list: Okawaru
     0 | D:1      | 0 ||| qw: Allow faded altars: false
     0 | D:1      | 0 ||| qw: Do Orc after D:15 true
     0 | D:1      | 0 ||| qw: Do second Lair branch before Depths: true
     0 | D:1      | 0 ||| qw: Lair rune preference: random
     0 | D:1      | 0 ||| qw: Plans: Normal
     0 | D:1      | 0 ||| PLANNING D:1-11
   206 | D:1      | Reached skill level 3 in Axes
   206 | D:1      | Reached XP level 2. HP: 14/17 MP: 6/6
   574 | D:1      | Reached XP level 3. HP: 21/21 MP: 7/7
   716 | D:1      | Found a faded altar of an unknown god.
  1115 | D:1      | Reached skill level 4 in Axes
  1116 | D:1      | 1116 ||| DROPPING scarf of shadows.
  1117 | D:1      | 1117 ||| UPGRADING to +0 scale mail.
  1127 | D:1      | 1127 ||| DROPPING +0 leather armour.
  1128 | D:1      | 1128 ||| UPGRADING to +0 cloak.
  1133 | D:1      | 1133 ||| READING scroll labelled CAATAM LOVIK.
  1254 | D:1      | 1254 ||| READING scroll labelled FUDUIM OBBA.
  1255 | D:1      | 1255 ||| READING scroll labelled LAIMONO MOLOUX.
  1256 | D:1      | 1256 ||| DRINKING 2 pink potions.
  1257 | D:1      | 1257 ||| DROPPING scroll of blinking.
  1258 | D:1      | 1258 ||| DROPPING potion of attraction.
  1293 | D:2      | 1293 ||| STAIRDANCE
  1298 | D:2      | 1298 ||| STAIRDANCE
  1440 | D:2      | 1440 ||| FLEEEEING.
  1441 | D:2      | 1441 ||| FLEEEEING.
  1442 | D:2      | 1442 ||| FLEEEEING.
  1443 | D:2      | 1443 ||| FLEEEEING.
  1444 | D:2      | 1444 ||| FLEEEEING.
  1445 | D:2      | 1445 ||| FLEEEEING.
  1446 | D:2      | 1446 ||| FLEEEEING.
  1447 | D:2      | 1447 ||| FLEEEEING.
  1448 | D:2      | 1448 ||| FLEEEEING.
  1449 | D:2      | 1449 ||| STAIRDANCE
  1494 | D:1      | 1494 ||| UPGRADING to +1 hat.
  1499 | D:1      | 1499 ||| UPGRADING to ring of resist corrosion.
  1582 | D:2      | 1582 ||| DROPPING +0 club.
  1885 | D:2      | 1885 ||| READING scroll labelled TOCSUDGHUESCH.
  1886 | D:2      | 1886 ||| READING 3 scrolls of identify.
  1886 | D:2      | 1886 ||| IDENTIFYING bubbling inky potion
  1887 | D:2      | 1887 ||| DROPPING potion of lignification.
  1948 | D:3      | Reached XP level 4. HP: 26/26 MP: 8/8
  2009 | D:3      | Noticed Natasha
  2010 | D:3      | 2010 ||| Stepping ~*~*~tactically~*~*~ (hiding).
  2020 | D:3      | Killed Natasha
  2021 | D:3      | Reached skill level 5 in Axes
  2218 | D:3      | 2218 ||| FLEEEEING.
  2219 | D:3      | 2219 ||| FLEEEEING.
  2225 | D:3      | Noticed Ijyb
  2226 | D:3      | 2226 ||| Stepping ~*~*~tactically~*~*~ (stealth).
  2227 | D:3      | 2227 ||| Stepping ~*~*~tactically~*~*~ (stealth).
  2230 | D:3      | HP: 5/26 [something (2)]
  2240 | D:3      | 2240 ||| FLEEEEING.
  2240 | D:3      | Killed from afar by Ijyb

Levels and vault maps discovered:
D:1:      scummos_arrival_simple_fountains, layout_basic,
          basic_ecumenical_altar, minmay_pentomino_o2
D:2:      minmay_wonky_spiral, layout_basic
D:3:      layout_basic, minivault_4, serial_bayou_pond_c, uniq_pargi,
          uniq_natasha, uniq_ijyb

Skill      XL: |  1  2  3  4 |
---------------+-------------+-----
Axes           | 3 4 5 |  5.4
Fighting       | |  2.0
Throwing       | |  1.0
Armour         | |  1.1
Dodging        | |  2.1
Spellcasting   | |  2.0
Translocations | |  2.4

Action                   |  1- 3 |  4- 6 || total
-------------------------+-------+-------++-------
Melee: Hand axe          |    87 |    39 ||   126
       Peck              |    14 |     4 ||    18
       Kick              |    17 |    10 ||    27
Throw: Boomerang         |     7 |       ||     7
  Use: Scroll            |     5 |       ||     5
       Potion            |     1 |       ||     1
Armor: Leather armour    |     8 |       ||     8
       Scale mail        |    17 |    22 ||    39
Dodge: Dodged            |    45 |    17 ||    62

Table legend:
 A = Non-vault XP
 B = Vault XP
 C = Vault XP percentage of total XP
 D = Non-vault monster count
 E = Vault monster count
 F = Vault count percentage of total count
                 A         B        C        D         E       F
            +---------+---------+-------+---------+---------+-------
      Total |     120 |      42 |  25.9 |      44 |       6 |  12.0
            +---------+---------+-------+---------+---------+-------
        D:1 |      48 |       2 |   4.0 |      22 |       1 |   4.3
        D:2 |      21 |       7 |  25.0 |      13 |       4 |  23.5
        D:3 |      51 |      33 |  39.3 |       9 |       1 |  10.0
            +---------+---------+-------+---------+---------+-------
